 Dungeon Crawl Stone Soup version 0.30-a0-930-gb9d0489357 (webtiles) character file.

Game seed: 16385071743841713848

1914 BeKind the Frost Mage (level 9, 0/103 HPs)
             Began as a Barachi Ice Elementalist on Mar 23, 2023.
             Succumbed to a gnoll sergeant's poison
             ... on level 6 of the Dungeon.
             The game lasted 00:11:43 (6011 turns).

BeKind the Frost Mage (Barachi Ice Elementalist)    Turns: 6011, Time: 00:11:44

Health: 0/103      AC:  6    Str: 10    XL:     9   Next: 16%
Magic:  13/17      EV: 19    Int: 17    God:
Gold:   254        SH:  0    Dex: 15    Spells: 12/19 levels left

rFire   . . .      SeeInvis .    p - +3 quarterstaff (chaos)
rCold   . . .      Faith    .    (shield currently unavailable)
rNeg    + . .      Spirit   .    w - +1 robe {rN+}
rPois   .          Reflect  .    (no helmet)
rElec   .          Rampage  .    q - +2 cloak
rCorr   .                        (no gloves)
Will    +....                    (no boots) Stlth
                                 D - amulet of regeneration
HPRegen 1.17/turn                i - ring of willpower
MPRegen 0.15/turn                A - +5 ring of evasion

@: berserking, lethally poisoned (0 -> -10), quick
A: amphibious, slowness 1, strong legs 1, +LOS
a: Hop


You were on level 6 of the Dungeon.
You visited 1 branch of the dungeon, and saw 7 of its levels.

You collected 254 gold pieces.

Inventory:

Hand Weapons
 h - a +2 dagger of flaming
 p - a +3 quarterstaff of chaos (weapon)
 F - a +1 heavy longbow
Missiles
 B - 2 throwing nets
Armour
 a - a +0 robe
 q - a +2 cloak (worn)
 w - a +1 robe of positive energy (worn)
Jewellery
 i - a ring of willpower (left hand)
 y - an amulet of faith
 A - a +5 ring of evasion (right hand)
 D - an amulet of regeneration (around neck)
Wands
 x - a wand of mindburst (12)
 G - a wand of quicksilver (25)
 I - a wand of polymorph (6)
Scrolls
 c - a scroll of noise {unknown}
 e - 6 scrolls of identify {unknown}
 f - 2 scrolls of teleportation {unknown}
 g - 3 scrolls of immolation {unknown}
 j - a scroll of butterflies {unknown}
 k - a scroll of amnesia {unknown}
 m - 4 scrolls of fog {unknown}
 r - 3 scrolls of fear {unknown}
 s - a scroll of magic mapping {unknown}
 u - 2 scrolls of blinking {unknown}
 C - a scroll of brand weapon {unknown}
 E - a scroll of enchant weapon {unknown}
Potions
 b - a potion of magic
 d - 2 potions of berserk rage
 l - 2 potions of ambrosia {unknown}
 n - 2 potions of attraction {unknown}
 o - 2 potions of curing {unknown}
 t - 2 potions of flight {unknown}
 v - 2 potions of might {unknown}
 z - a potion of degeneration {unknown}
 H - a potion of heal wounds {unknown}


   Skills:
 + Level 5.7 Fighting
 - Level 1.8 Short Blades
 + Level 4.5 Staves
 + Level 6.0 Dodging
 - Level 1.8 Stealth
 + Level 5.8 Spellcasting
 + Level 8.2 Ice Magic


You had 12 spell levels left.
You knew the following spells:

 Your Spells              Type           Power      Damage    Failure   Level
a - Freeze                Ice            100%       1d10      1%          1
b - Frozen Ramparts       Ice            66%        1d10      1%          3
c - Ozocubu's Armour      Ice            33%        N/A       1%          3

Your spell library contained the following spells:

 Spells                   Type           Power      Damage    Failure   Level
 Necrotise                Necr           16%        1d4       13%         1
 Summon Ice Beast         Ice/Summ       19%        N/A       24%         4
 Vampiric Draining        Necr           4%         2d6       36%         3
 Agony                    Necr           4%         N/A       98%         5
 Ozocubu's Refrigeration  Ice            16%        4d11      98%         7
 Conjure Ball Lightning   Conj/Air       2%         3x3d6     100%        6
 Discord                  Hex            2%         N/A       100%        8
 Disjunction              Tloc           2%         N/A       100%        8


Dungeon Overview and Level Annotations

Branches:
Dungeon (7/15)
 Temple: D:4-7

Altars:
Gozag
Trog

Shops:
D:6 (

Annotations:
D:6 3 runed translucent doors, deadpool521's ghost, novice MiFi
D:7 1 transporter, valliere's ghost, novice SpAr


Innate Abilities, Weirdness & Mutations

You are amphibious.
You cover ground slowly.
You can hop short distances.
You have an extended range of vision and can be seen from far away.


Message History

The wall freezes the gnoll.
The wall freezes the gnoll sergeant.
The gnoll sergeant misses you.
It was a potion of berserk rage.
A red film seems to cover your vision as you go berserk!
You feel yourself moving faster!
You feel mighty!
You feel very sick.
A gnoll comes into view. It is wielding a +0 club.
The wall freezes the gnoll but does no damage.
The wall freezes the gnoll sergeant but does no damage.
The gnoll sergeant hits you from afar with a +2 spear of venom.
* * * LOW HITPOINT WARNING * * *
You are lethally poisoned!
Unknown command.
You are too berserk!
Your frozen ramparts will break if you move.
Continue?
The frozen ramparts melt away as you move.
A gnoll comes into view. It is wielding a +0 club.
You feel a strong urge to attack something.
* * * LOW HITPOINT WARNING * * *
You feel extremely sick.
The gnoll shouts! x2
The gnoll sergeant barely misses you.
Things that are here:
a +0 flail; a gnoll corpse You bludgeon the gnoll sergeant!!
You kill the gnoll sergeant!
* * * LOW HITPOINT WARNING * * *
You feel very sick.
You completely miss the gnoll.
The gnoll is heavily wounded.
* * * LOW HITPOINT WARNING * * *
You feel very sick.
You barely miss the gnoll.
The gnoll is heavily wounded.
* * * LOW HITPOINT WARNING * * *
You feel very sick. The gnoll completely misses you.
You closely miss the gnoll.
The gnoll is heavily wounded.
You die...

#.. #.....# #.....
#..##.....## ##..##
#......##..# #..##
#.....####.####.## ###..##
##.##..# # ##.## #..#.## #Ť
#...### ##...# ##..
#.#...####...## ....g#
##@###.....###.##
.....g.##g## ###..## ##.###
........g.# #.## ##...
........g.### ##.# ##...
............###.## ##....
.............##.## ##.....
.................####......
...............#...##.....#
...............###.......##


You could see 3 gnolls.

Vanquished Creatures
  A cane toad (shapeshifter) (D:6)
  3 black bears
  4 ogres
  A bullfrog (D:5)
  A kobold brigand (D:6)
  Blork the orc (D:4)
  A gnoll sergeant (D:6)
  A scorpion (D:6)
  A killer bee (D:3)
  A howler monkey (D:5)
  An orc priest (D:4)
  4 hounds
  Crazy Yiuf (D:2)
  A jelly (D:6)
  2 iguanas
  An orc wizard (D:5)
  Robin (D:2)
  8 gnolls
  7 adders
  2 shadow imps (D:6)
  2 white imps (D:6)
  An ufetubus (D:6)
  A worm (D:2)
  8 dart slugs
  10 orcs
  4 ball pythons
  5 endoplasms
  3 giant cockroaches
  6 hobgoblins
  4 quokkas
  5 bats
  18 goblins
  16 kobolds
  6 rats
132 creatures vanquished.

Vanquished Creatures (others)
  An adder zombie (D:6)
  2 demonic plants (D:6)
3 creatures vanquished.

Grand Total: 135 creatures vanquished

Notes
Turn   | Place    | Note
-------+----------+-------------------------------------------
     0 | D:1      | BeKind the Barachi Ice Elementalist began the quest for the
                  | Orb.
     0 | D:1      | Reached XP level 1. HP: 13/13 MP: 3/3
     6 | D:1      | Noticed a salamander
     6 | D:1      | Noticed a hog
     6 | D:1      | Noticed a swamp worm
     7 | D:1      | Noticed a rime drake
     7 | D:1      | Noticed a polar bear
    87 | D:1      | Reached skill level 5 in Ice Magic
   226 | D:1      | Reached XP level 2. HP: 19/19 MP: 3/5
   909 | D:2      | Reached XP level 3. HP: 9/24 MP: 5/7
   913 | D:2      | Learned a level 3 spell: Frozen Ramparts
  1343 | D:2      | Found a runed translucent door.
  1344 | D:2      | Noticed Crazy Yiuf
  1444 | D:2      | Noticed Robin
  1450 | D:2      | Reached skill level 1 in Short Blades
  1452 | D:2      | Killed Robin
  1453 | D:2      | Reached XP level 4. HP: 21/31 MP: 0/8
  1740 | D:2      | Killed Crazy Yiuf
  1985 | D:3      | Reached XP level 5. HP: 33/36 MP: 9/9
  2125 | D:3      | Reached skill level 1 in Fighting
  2209 | D:3      | Found a faded altar of an unknown god.
  2216 | D:3      | Reached skill level 1 in Staves
  2331 | D:3      | Noticed Ijyb
  2336 | D:3      | Ijyb changed into Ijyb the killer bee
  2336 | D:3      | Noticed Ijyb
  2347 | D:3      | Killed Ijyb the killer bee
  2528 | D:3      | Reached skill level 6 in Ice Magic
  2721 | D:4      | Noticed Blork the orc
  2721 | D:4      | Noticed an ogre
  2733 | D:4      | Killed Blork the orc
  2734 | D:4      | Reached XP level 6. HP: 41/44 MP: 4/11
  3185 | D:4      | Noticed a black bear
  3197 | D:4      | Killed a black bear
  3198 | D:4      | Reached XP level 7. HP: 49/51 MP: 6/13
  3346 | D:4      | Learned a level 3 spell: Ozocubu's Armour
  3675 | D:4      | You fall into a shaft and drop 3 floors!
  3677 | D:7      | Found a transporter.
  3685 | D:7      | Found a bloodstained altar of Trog.
  3685 | D:7      | Noticed a moth of wrath
  3685 | D:7      | Noticed valliere's ghost (novice SpAr)
  3709 | D:6      | Found Jerphyweda's Weapon Shoppe.
  3717 | D:5      | Entered Level 5 of the Dungeon
  3729 | D:5      | Reached skill level 7 in Ice Magic
  3834 | D:5      | Reached XP level 8. HP: 55/60 MP: 13/15
  4101 | D:5      | Found a transporter.
  4240 | D:5      | Found a transporter.
  4652 | D:5      | Reached skill level 5 in Dodging
  4744 | D:5      | Reached skill level 5 in Spellcasting
  5383 | D:6      | Reached skill level 5 in Fighting
  5864 | D:6      | a hound changed into a shapeshifter
  5864 | D:6      | Noticed a shapeshifter (shapeshifter)
  5864 | D:6      | a shapeshifter changed into a harpy
  5864 | D:6      | Noticed a harpy (shapeshifter)
  5869 | D:6      | a harpy changed into a cane toad
  5869 | D:6      | Noticed a cane toad (shapeshifter)
  5875 | D:6      | Killed a cane toad
  5876 | D:6      | Reached skill level 8 in Ice Magic
  5876 | D:6      | Reached XP level 9. HP: 25/68 MP: 13/17
  5983 | D:6      | Found a runed translucent gate.
  5983 | D:6      | Found a runed translucent gate.
  5983 | D:6      | Found a runed translucent gate.
  5984 | D:6      | Found an opulent altar of Gozag.
  5984 | D:6      | Noticed deadpool521's ghost (novice MiFi)
  6010 | D:6      | HP: 3/103 [poisoned by a gnoll sergeant]
  6011 | D:6      | Succumbed to a gnoll sergeant's poison

Illustrated notes

Levels and vault maps discovered:
D:1:      onia_arrival_zoo_common, layout_rooms, serial_curves, eino_curves_01,
          eino_curves_01, eino_curves_04, eino_curves_03, minmay_misc_feat_tower
D:2:      layout_basic, uniq_robin, uniq_crazy_yiuf_cottage
D:3:      kennysheep_slugbush, layout_loops_ring, nicolae_ecumenical_pavilion,
          uniq_ijyb
D:4:      layout_rooms, portal_sewer_entry_d, supply_closet_lemuel,
          uniq_blork_the_orc
D:5:      gammafunk_cloud_chamber, layout_basic
D:6:      layout_layer_cave, minmay_temple_entry_fiery, serial_demonic,
          serial_demonic_e, serial_demonic_c, serial_demonic_g,
          serial_demonic_g, serial_shops, nicolae_stop_n_shop_1,
          nicolae_shop_statue_plus, ebering_ghost_gozag
D:7:      layout_gridville, chequers_temple_overflow_statue_of_worship,
          gammafunk_ghost_wrathful_warriors, minmay_misc_feat_rugged,
          minmay_manual_mail

Skill      XL: |  1  2  3  4  5  6  7  8 |
---------------+-------------------------+-----
Ice Magic      | 5 6 7 8 |  8.2
Short Blades   | 1 |  1.8
Spellcasting   | 3 4 5 |  5.8
Fighting       | 1 2 4 5 |  5.7
Dodging        | 3 4 6 |  6.0
Staves         | 2 4 |  4.5
Stealth        | |  1.8

Action                     |  1- 3 |  4- 6 |  7- 9 || total
---------------------------+-------+-------+-------++-------
  Melee: Dagger            |    58 |       |       ||    58
         Unarmed           |     1 |       |       ||     1
         Quarterstaff      |       |    72 |   102 ||   174
   Cast: Freeze            |    19 |    16 |    59 ||    94
         Frozen Ramparts   |     1 |     5 |     6 ||    12
Ability: Hop               |     1 |     2 |     2 ||     5
    Use: Potion            |       |       |     2 ||     2
   Stab: Sleeping          |     1 |     1 |     1 ||     3
 Armour: Robe              |    18 |    35 |    35 ||    88
  Dodge: Dodged            |    53 |    83 |   199 ||   335

Table legend: (Time is in decaauts)
 A = Elapsed time spent in this place.
 B = Non-inter-level travel time spent in this place.
 C = Inter-level travel time spent in this place.
 D = Time resting spent in this place.
 E = Time spent auto-exploring this place.
 F = Levels seen in this place.
 G = Mean time per level.
                   A        B        C        D        E       F      G
               +--------+--------+--------+--------+--------+-----+--------+
         Total |   6815 |   6370 |    445 |    305 |   5022 |   7 |  973.6 |
       Dungeon |   6815 |   6370 |    445 |    305 |   5022 |   7 |  973.6 |
               +--------+--------+--------+--------+--------+-----+--------+

Top non-repeatable levels by time:
     D:5: 1709 daAuts
     D:2: 1256 daAuts
     D:3: 1238 daAuts
     D:4: 914 daAuts
     D:1: 887 daAuts
     D:6: 770 daAuts
     D:7: 39 daAuts
